[Event "*** Titled Tuesday Blitz"]
[Site "Chess.com"]
[Date "2021.02.02"]
[Round "1"]
[White "Yurovskykh_Oleksandr"]
[Black "Oleksandr_Bortnyk"]
[Result "1-0"]
[WhiteElo "2484"]
[BlackElo "2901"]
[TimeControl "180+1"]
[EndTime "10:10:26 PST"]
[Termination "Yurovskykh_Oleksandr won on time"]

1. d4 d6 2. Nf3 Nf6 3. Bg5 Nbd7 4. e3 g6 5. c4 Bg7 6. Nc3 O-O 7. Be2 c6 8. O-O Qc7 9. Qc2 e5 10. Rfd1 a5 11.
Rac1 Re8 12. b3 exd4 13. Nxd4 Nc5 14. Bf4 Nfe4 15. Nxe4 Nxe4 16. Bf3 Nc5 17. a3 Be5 18. Bg3 Qb6 19. Rb1 Ne6 20. Nxe6 Bxe6 21. b4 axb4 22.
axb4 Qc7 23. Be2 Ra3 24. Bxe5 dxe5 25. c5 Rea8 26. Bc4 Qe7 27. Rd6 Bxc4 28. Qxc4 Ra1 29. Qc1 R1a2 30. g3 Qg5 31. Rd2 Qf5 32. Rxa2 Rxa2 33.
Rb2 Ra4 34. Qd1 Ra8 35. Rd2 Kg7 36. Rd8 Rxd8 37. Qxd8 Qb1+ 38. Kg2 Qxb4 39. Qd6 Qe4+ 40.
Kg1 Qd5 41. Qe7 h5 42. h4 e4 43. Kg2 Qf5 44. Qd6 Qf3+ 45. Kg1 Qf6 46. Qc7 Qc3 47. Qe7 Qb2 48. Kg2 Qc3 49. Kg1 Qc4 50. Qe5+ Kg8 51. Kg2 Qd5 52. Qe8+ Kg7 53. Qe7 Qf5 54. Kg1 Kg8 55.
Qe8+ Kh7 56. Qe7 Kg7 57. Kg2 Qd5 58. Kg1 Kh7 59. Kg2 Kg8 60. Kg1 Qd1+ 61. Kg2 Qf3+ 62. Kg1 Qf5 63. Qe8+ Kh7 64. Qe7 Qd5 65. Kg2 Qc4 66.
Kg1 Kg8 67. Kg2 Qc3 68. Qe8+ Kg7 69. Qe7 Qb2 70. Kg1 b5 71. cxb6 Qb1+ 72. Kg2 Qxb6 73. Qe5+ Kg8 74. Qxe4 Qc7 75. Qc4 c5 76. Kf3 Qb7+ 77.
Ke2 Qb2+ 78. Kf3 Qf6+ 79. Ke2 Qb6 80. Kf3 Kf8 81. Ke2 Qc6 82. Kd3 Ke7 83. Qc2 Qb5+ 84. Kc3 Qb4+ 85. Kd3 Ke6 86. Qa2+ Kf6 87. Qa6+ Kf5 88.
Qc8+ Kf6 89. Qc6+ Kg7 90. Qd5 Qb1+ 91. Ke2 Qb2+ 92. Kf3 Qc3 93. Ke2 c4 94. Qc5 Qd3+ 95.
Ke1 c3 96. Qd4+ Qxd4 97. exd4 Kf6 98. Ke2 Kf5 99. f3 g5 100. hxg5 Kxg5 101. Kd3 f5 102.
Kxc3 f4 103. gxf4+ Kxf4 104. Kd3 Kxf3 105. d5 h4 106. d6 h3 107. d7 h2 108. d8=Q Kg2 109. Qd5+ Kg1 110. Qg5+ Kf1 111. Qf4+ Kg2 112. Qg4+ Kf2 113. Qh3 Kg1 114. Qg3+ Kh1 115. Qe1+ Kg2 116. Qe2+ Kg1 117. Ke3 1-0

[Event "*** Titled Tuesday Blitz"]
[Site "Chess.com"]
[Date "2021.02.02"]
[Round "1"]
[White "GCamachoMartinez"]
[Black "RobertoJBM"]
[Result "1/2-1/2"]
[WhiteElo "2425"]
[BlackElo "2796"]
[TimeControl "180+1"]
[EndTime "10:10:27 PST"]
[Termination "Game drawn by 50-move rule"]

1. d4 c6 2. c4 d5 3. Nf3 Nf6 4. Nc3 dxc4 5. a4 Bf5 6. e3 e6 7. Bxc4 Bb4 8. O-O Nbd7 9. Ne2 O-O 10. Ng3 Bg6 11. Bd2 Qa5 12. Bxb4 Qxb4 13. Qb3 Qxb3 14. Bxb3 a5 15. Rac1 Ra6 16. Rc3 Rb6 17. Nd2 Rb4 18. Rc4 Nd5 19. Rxb4 Nxb4 20. Nc4 Bd3 21. Rc1 Bxc4 22.
Bxc4 Nb6 23. Ne4 Nxc4 24. Rxc4 Rd8 25. Kf1 Kf8 26. Ke2 Ke7 27. Nc5 b6 28. Nb3 Kd6 29. e4 e5 30. f3 f6 31. Ke3 g5 32. h3 h5 33. g4 hxg4 34. hxg4 Rh8 35. dxe5+ fxe5 36.
Rc1 Rh2 37. Nd2 b5 38. b3 Rg2 39. Rd1 Nc2+ 40. Kd3 Nd4 41. Rh1 Ne6 42. Rh6 Ke7 43.
Rh7+ Kd6 44. Ra7 bxa4 45. bxa4 Nc5+ 46. Ke3 Nb3 47. Nc4+ Kc5 48. Nxa5 Kb6 49. Rb7+ Kxa5 50. Rxb3 Kxa4 51. Rc3 Kb5 52. Kd3 c5 53. Rb3+ Kc6 54. Rc3 Ra2 55. Ke3 Ra4 56. Kd3 Kb5 57. Rb3+ Rb4 58.
Rc3 c4+ 59. Kc2 Kc5 60. Ra3 Kd4 61. Ra5 Rb3 62. Rd5+ Ke3 63. Rxe5 Kxf3 64. Rxg5 Kxe4 65. Rc5 Kd4 66. Rc8 Rg3 67. Rd8+ Ke5 68. Re8+ Kd5 69. Rd8+ Kc6 70. Rc8+ Kb5 71. Rb8+ Ka6 72. Ra8+ Kb7 73.
Ra4 Rxg4 74. Kc3 Kb6 75. Rxc4 Rg3+ 76. Kb4 Rh3 77. Rf4 Kc6 78. Rf6+ Kd5 79. Rf2 Rh4+ 80. Kb5 Rh8 81. Rd2+ Ke4 82. Re2+ Kd4 83. Re7 Rb8+ 84.
Kc6 Rb1 85. Rd7+ Ke5 86. Rd5+ Ke6 87. Rc5 Rb2 88. Rc3 Re2 89. Rc4 Ke7 90. Kc5 Kd7 91. Kb4 Kd6 92. Kc3 Kd5 93. Rh4 Re3+ 94. Kd2 Rg3 95.
Rh5+ Kd6 96. Ke2 Ra3 97. Kf2 Ke6 98. Ke2 Rb3 99. Kd2 Kf6 100. Kc2 Rg3 101. Ra5 Ke7 102. Kd2 Ke6 103. Ke2 Rh3 104. Kf2 Rb3 105. Ra6+ Kd5 106. Ra5+ Kd4 107. Ra4+ Kd3 108. Kg2 Ke3 109. Ra8 Rb7 110. Re8+ Kf4 111. Rf8+ Ke4 112. Re8+ Kf5 113. Rf8+ Ke5 114. Re8+ Kd5 115. Kg3 Rf7 116. Kg4 Kd6 117. Kg5 Rf1 118. Re2 Kd5 119. Kg4 Kd4 120. Kg3 Rf8 121. Re7 Rg8+ 122. Kf4 Rd8 123. Kg5 Kd5 124. Re1 Rg8+ 125. Kf6 1/2-1/2

[Event "*** Titled Tuesday Blitz"]
[Site "Chess.com"]
[Date "2021.02.02"]
[Round "1"]
[White "fmshawnrl123"]
[Black "Phriex"]
[Result "1-0"]
[WhiteElo "2766"]
[BlackElo "2402"]
[TimeControl "180+1"]
[EndTime "10:12:16 PST"]
[Termination "fmshawnrl123 won by resignation"]

1. e3 d5 2. c4 e6 3. Nc3 Nf6 4. Nf3 Be7 5. b3 O-O 6. Bb2 b6 7. Be2 Bb7 8. O-O Nbd7 9. Qc2 c5 10. cxd5 exd5 11. d4 Rc8 12. Rac1 Ne4 13. Rfd1 Nxc3 14. Qxc3 cxd4 15. Qxd4 Bf6 16. Qd2 Nc5 17. Nd4 Ne4 18.
Qe1 a6 19. Rxc8 Qxc8 20. Rc1 Qd7 21. h3 Rc8 22. Rd1 Rd8 23. Bg4 Qd6 24. Rc1 Nc5 25.
Qe2 Bxd4 26. Bxd4 Ne6 27. Bb2 d4 28. exd4 Nf4 29. Qe5 h5 30. Qxd6 Rxd6 31. Bc8 Ne2+ 32. Kf1 Nxc1 33. Bxb7 Nd3 34. Bc3 b5 35. Be4 b4 36.
Ba1 Nf4 37. h4 f6 38. g3 Ne6 39. d5 Nc7 40. Bd4 Nxd5 41. Bc5 Rd7 42. Bf5 Rc7 43. Bd4 Rc1+ 44. Kg2 Nc3 45. Bd3 a5 46. Bb6 Nxa2 47. Bxa5 Rc3 48. Bf5 Kh8 49. Be6 Rc2 50.
Bf7 Rb2 51. Bb6 Nc1 52. Bc5 Nxb3 53. Bxb4 Nd2 54. Bc3 Rc2 55. Bd4 Ne4 56. Bxh5 Nd6 57. Be3 Nf5 58. Bf4 Nd4 59. Bg6 Rc8 60. Be3 Rd8 61. h5 Kg8 62. h6 gxh6 63. Bxh6 Ne6 64. Be3 Ng7 65. Bc2 Rf8 66. Bb3+ Kh8 67. Bc5 Rb8 68. Bd1 Rc8 69. Be3 Rd8 70. Bg4 Re8 71. Bd7 Re7 72. Bb5 f5 73. Bf4 Rf7 74. Bc4 Rf8 75. Be5 Rc8 76. Bf1 Re8 77. Bb2 Kh7 78. Bd3 Kg6 79. Bxg7 Kxg7 80. Bxf5 Kf6 81. Bg4 Rf8 82. Bf3 Rb8 83. Bc6 Rb6 84. Ba4 Rb4 85. Bd1 Rb2 86. Kf3 Kg5 87. Ba4 Rb4 88. Bd7 Rd4 89. Bc8 Rc4 90. Bb7 Rc3+ 91. Kg2 Rb3 92. Bf3 Rb2 93. Bd1 Rd2 94. Bb3 Rb2 95. Bc4 Rd2 96.
Bb5 Rb2 97. Ba6 Rd2 98. Bb7 Rb2 99. Bf3 Rd2 100. Be4 Rb2 101. Kf1 Rd2 102. Bf3 Rb2 103. Be2 Rd2 104. f4+ Kg6 105. Kf2 Rb2 106. Ke3 Rb3+ 107. Bd3+ Kf6 108. Ke2 Rb2+ 109. Kf3 Rb3 110. Ke4 Rb4+ 111. Ke3 Rb3 112. g4 Rb4 113. Be4 Rb3+ 114. Bd3 Rb4 115. g5+ Kf7 116. Kf3 Kg7 117. Kg4 Rd4 118. Bf5 Rd1 119. Bc8 Rg1+ 120. Kf5 Rf1 121. Ba6 Ra1 122. Bb7 Ra5+ 123. Kg4 Ra1 124. Be4 Rg1+ 125. Kf5 Rf1 126. Bg2 Rg1 127. Ba8 Ra1 128. Be4 Ra5+ 129. Kg4 Ra4 130. Bg2 Ra1 131. Kg3 Ra3+ 132. Bf3 Kg6 133. Kg4 Ra1 134. f5+ Kg7 135. Be4 Ra4 136. Kf4 Rb4 137. Ke5 Rb5+ 138. Kf4 Ra5 139. f6+ Kf8 140. Bf5 Ra4+ 141. Kg3 Ra3+ 142. Kg4 Ra4+ 143. Kh5 Kf7 144. Bg6+ Kg8 145. Bc2 Ra3 146. Kg6 Kf8 147. Bf5 Ra5 148. Be6 Ra6 149. Bd5 Ra5 150. Be4 Ra4 151. Bf5 Ra5 152. Bg4 Ra4 153. Kh5 Rb4 154. Bf3 Rb6 155. Kg6 Ra6 156. Kh6 Rb6 157. Bh5 Ra6 158. Kh7 Rb6 159. g6 Rxf6 160. g7+ Ke7 161. g8=Q 1-0

[Event "*** Titled Tuesday Blitz"]
[Site "Chess.com"]
[Date "2021.02.02"]
[Round "2"]
[White "Tuatara"]
[Black "Boninknights"]
[Result "0-1"]
[WhiteElo "2230"]
[BlackElo "2450"]
[TimeControl "180+1"]
[EndTime "10:14:18 PST"]
[Termination "Boninknights won by resignation"]

1. d4 Nf6 2. c4 g6 3. Nc3 Bg7 4. e4 d6 5. Nf3 O-O 6. Be2 e5 7. O-O exd4 8. Nxd4 Re8 9. f3 Nc6 10. Be3 Nh5 11. Qd2 Nf4 12. Rfd1 Nxd4 13. Bxd4 Bxd4+ 14. Qxd4 Nxe2+ 15. Nxe2 b6 16. Nc3 Bb7 17. Nd5 Bxd5 18. cxd5 Qg5 19. Rac1 Re7 20. Rc3 Rae8 21. Rdc1 f5 22.
Rxc7 fxe4 23. Rxe7 Qxc1+ 0-1

[Event "*** Titled Tuesday Blitz"]
[Site "Chess.com"]
[Date "2021.02.02"]
[Round "2"]
[White "MoreChessJulia"]
[Black "Kassimov_B"]
[Result "0-1"]
[WhiteElo "2145"]
[BlackElo "2413"]
[TimeControl "180+1"]
[EndTime "10:14:31 PST"]
[Termination "Kassimov_B won by resignation"]

1. d4 Nf6 2. Bg5 g6 3. Nd2 Bg7 4. f4 O-O 5. e3 d6 6. Bd3 h6 7.
Bxf6 exf6 8. Qf3 Nc6 9. c3 f5 10.
O-O-O Bd7 11. Nh3 b5 12. Nf2 b4 13. c4 Re8 14. d5 Na5 15. e4 fxe4 16. Ndxe4 f5 17.
Nd2 Qf6 0-1

[Event "*** Titled Tuesday Blitz"]
[Site "Chess.com"]
[Date "2021.02.02"]
[Round "2"]
[White "SergeyShtyka"]
[Black "kranga"]
[Result "1-0"]
[WhiteElo "2477"]
[BlackElo "2277"]
[TimeControl "180+1"]
[EndTime "10:14:37 PST"]
[Termination "SergeyShtyka won by resignation"]

1. e4 c5 2. Nf3 Nc6 3. d4 cxd4 4. Nxd4 Nf6 5. Nc3 e5 6. Ndb5 d6 7. Bg5 a6 8. Na3 b5 9. Bxf6 gxf6 10. Nd5 Bg7 11. c3 f5 12. exf5 Bxf5 13. Nc2 O-O 14. Nce3 Be6 15. Bd3 f5 16. Qh5 e4 17. Bc2 Ne5 18.
Nf4 Bf7 19. Qxf5 Bc4 20. Qxe4 Qf6 21. Qxh7+ Kf7 22. Qh5+ Ke7 23. Nfd5+ 1-0

[Event "*** Titled Tuesday Blitz"]
[Site "Chess.com"]
[Date "2021.02.02"]
[Round "2"]
[White "JQuiroga18"]
[Black "Thjop"]
[Result "1/2-1/2"]
[WhiteElo "2447"]
[BlackElo "2668"]
[TimeControl "180+1"]
[EndTime "10:15:05 PST"]
[Termination "Game drawn by agreement"]

1. e4 e6 2. d4 d5 3. Nc3 Bb4 4. e5 c5 5. a3 Bxc3+ 6. bxc3 Qa5 7. Bd2 Qa4 8. Nf3 Ne7 9. Qb1 c4 10. Be2 Nbc6 11. O-O Bd7 12. Qxb7 Rb8 13. Qc7 O-O 14.
Qxd7 Rfd8 15. Qc7 Rdc8 16. Qd7 Rd8 17. Qc7 Rdc8 1/2-1/2

[Event "*** Titled Tuesday Blitz"]
[Site "Chess.com"]
[Date "2021.02.02"]
[Round "2"]
[White "ElCoachRene"]
[Black "noblerone"]
[Result "0-1"]
[WhiteElo "2190"]
[BlackElo "2428"]
[TimeControl "180+1"]
[EndTime "10:15:05 PST"]
[Termination "noblerone won by resignation"]

1. d4 d5 2. Bf4 c5 3. e3 Nc6 4. c3 Nf6 5. Nd2 Bf5 6. Qb3 Qd7 7. Ngf3 c4 8. Qd1 e6 9. Ne5 Nxe5 10. Bxe5 Be7 11. Be2 O-O 12. O-O b5 13. b3 Ba3 14.
bxc4 bxc4 15. Qe1 Bb2 16. Rd1 Bxc3 17. f4 Ne4 18. Bf3 Nxd2 19. Rxd2 Bxd2 20. Qxd2 f6 0-1

[Event "*** Titled Tuesday Blitz"]
[Site "Chess.com"]
[Date "2021.02.02"]
[Round "2"]
[White "temiksmozg"]
[Black "Ze-Pequeno"]
[Result "1/2-1/2"]
[WhiteElo "2607"]
[BlackElo "2224"]
[TimeControl "180+1"]
[EndTime "10:15:23 PST"]
[Termination "Game drawn by repetition"]

1. d4 Nf6 2. c4 g6 3. Nc3 d5 4.
cxd5 Nxd5 5. e4 Nxc3 6. bxc3 Bg7 7. Be3 c5 8. Qd2 cxd4 9. cxd4 Nc6 10. Nf3 O-O 11.
Rc1 Bg4 12. d5 Bxf3 13. gxf3 Ne5 14. Be2 Qd7 15. O-O Qh3 16. Qd1 Nxf3+ 17. Bxf3 Be5 18. Re1 Bxh2+ 19. Kh1 Be5+ 20. Kg1 Bh2+ 21. Kh1 Be5+ 22. Kg1 Bh2+ 1/2-1/2

[Event "*** Titled Tuesday Blitz"]
[Site "Chess.com"]
[Date "2021.02.02"]
[Round "2"]
[White "Zarikovs1999"]
[Black "adriangschnitzer"]
[Result "0-1"]
[WhiteElo "2295"]
[BlackElo "2490"]
[TimeControl "180+1"]
[EndTime "10:15:31 PST"]
[Termination "adriangschnitzer won by checkmate"]

1. e4 c5 2. Nf3 Nc6 3. d4 cxd4 4.
Nxd4 g6 5. Nc3 Bg7 6. Be3 Nf6 7. Bc4 Qa5 8. O-O O-O 9. h3 d6 10. Qe2 Bd7 11. Bb3 Nxe4 12. Nxc6 Bxc6 13. Nxe4 Bxe4 14. Bd2 Qf5 15. g4 Qf3 16. Rfe1 Qg2# 0-1

[Event "*** Titled Tuesday Blitz"]
[Site "Chess.com"]
[Date "2021.02.02"]
[Round "2"]
[White "Ariadna_Atreides"]
[Black "GMaka"]
[Result "1-0"]
[WhiteElo "2169"]
[BlackElo "2398"]
[TimeControl "180+1"]
[EndTime "10:15:37 PST"]
[Termination "Ariadna_Atreides won by resignation"]

1. Nf3 Nf6 2. d4 g6 3. c3 Bg7 4. Bg5 O-O 5. Nbd2 d5 6. e3 Ne4 7. Nxe4 dxe4 8. Nd2 f5 9. Bc4+ e6 10. Bxd8 Rxd8 11. Qb3 Kf7 12. f3 exf3 13. Nxf3 h6 14. O-O Nc6 15. d5 Na5 16. dxe6+ Kf6 17. Qa4 Nxc4 18. Qxc4 c6 19. Rad1 Bxe6 20. Qb4 b6 21. Rxd8 Rxd8 22. Qa4 b5 23. Qxa7 Bc4 24. Re1 Re8 25. Qb6 Re6 26. Nd4 Rd6 27. Qc7 Bf8 28. Nxc6 Rd2 29. e4 Bc5+ 30. Kh1 f4 1-0

[Event "*** Titled Tuesday Blitz"]
[Site "Chess.com"]
[Date "2021.02.02"]
[Round "2"]
[White "Zhigalko_Sergei"]
[Black "TregubovP"]
[Result "1-0"]
[WhiteElo "2917"]
[BlackElo "2579"]
[TimeControl "180+1"]
[EndTime "10:15:38 PST"]
[Termination "Zhigalko_Sergei won by resignation"]

1. e4 e6 2. d4 d5 3. e5 c5 4.
c3 Nc6 5. Nf3 Qb6 6. a3 Bd7 7.
b4 cxd4 8. cxd4 Rc8 9. Bb2 Nh6 10.
Nc3 Na5 11. Na4 Qc6 12. Nc5 Nc4 13. Bc1 Nf5 14. Bd3 b6 15. Nxd7 Qxd7 16. O-O Be7 17. g4 Nh4 18. Nxh4 Bxh4 19. g5 h5 20. Qf3 Qe7 21. Qf4 Nb2 22. Bb5+ 1-0

[Event "*** Titled Tuesday Blitz"]
[Site "Chess.com"]
[Date "2021.02.02"]
[Round "2"]
[White "Tactictic"]
[Black "manitodeplomo"]
[Result "0-1"]
[WhiteElo "2377"]
[BlackElo "2649"]
[TimeControl "180+1"]
[EndTime "10:15:41 PST"]
[Termination "manitodeplomo won by resignation"]

1. e4 g6 2. d4 Bg7 3. Nc3 c5 4.
dxc5 Bxc3+ 5. bxc3 Nf6 6. e5 Ne4 7. f3 Nxc5 8. Be3 Qc7 9. Bd4 Ne6 10. Ne2 Nc6 11. f4 b6 12. g3 Bb7 13. Bg2 Ncxd4 0-1

[Event "*** Titled Tuesday Blitz"]
[Site "Chess.com"]
[Date "2021.02.02"]
[Round "2"]
[White "Skat2704"]
[Black "slavenok"]
[Result "1-0"]
[WhiteElo "2503"]
[BlackElo "2686"]
[TimeControl "180+1"]
[EndTime "10:16:04 PST"]
[Termination "Skat2704 won by resignation"]

1. d4 d5 2. Nf3 e6 3. c4 Nf6 4.
Nc3 Bb4 5. Bg5 O-O 6. e3 h6 7.
Bh4 b6 8. Bd3 Bb7 9. O-O dxc4 10. Bxc4 Nbd7 11. Qe2 c5 12. Rfd1 cxd4 13. Nxd4 Qe7 14.
Rac1 Ne5 15. Bb3 Ng6 16. Bg3 Rac8 17. Ncb5 a6 18. Na7 Rxc1 19. Rxc1 Bxg2 20. Nac6 Qb7 21. Nxb4 Bh1 22. f3 a5 23. Nbc6 1-0

[Event "*** Titled Tuesday Blitz"]
[Site "Chess.com"]
[Date "2021.02.02"]
[Round "2"]
[White "DonPreuss"]
[Black "alejogarcia1999"]
[Result "0-1"]
[WhiteElo "2211"]
[BlackElo "2440"]
[TimeControl "180+1"]
[EndTime "10:16:22 PST"]
[Termination "alejogarcia1999 won by resignation"]

1. d4 Nf6 2. Nc3 g6 3. e4 d6 4. f4 Nbd7 5. Nf3 Bg7 6. e5 Ng4 7. Bc4 O-O 8. e6 Nb6 9. exf7+ Kh8 10. Bb3 e6 11. O-O Nh6 12. Ng5 Qf6 13. Ne2 Nxf7 14. Ne4 Qe7 15. c3 e5 16. fxe5 dxe5 17. Bg5 Nxg5 18. Rxf8+ Bxf8 19. Nxg5 Qxg5 20. dxe5 Bg4 21. Qe1 Qe3+ 0-1

[Event "*** Titled Tuesday Blitz"]
[Site "Chess.com"]
[Date "2021.02.02"]
[Round "2"]
[White "Zmof"]
[Black "SaqoChess_Twitch"]
[Result "1-0"]
[WhiteElo "2108"]
[BlackElo "2457"]
[TimeControl "180+1"]
[EndTime "10:16:23 PST"]
[Termination "Zmof won by checkmate"]

1. e4 c5 2. Nf3 d6 3. Bb5+ Bd7 4. Bxd7+ Qxd7 5. O-O Nc6 6. c3 Nf6 7. Qe2 e6 8. d4 cxd4 9. cxd4 d5 10. e5 Ne4 11. Nbd2 Nxd2 12. Bxd2 Be7 13. Rac1 O-O 14. Rc3 Rfc8 15. Rfc1 Nd8 16. h4 Rxc3 17. Rxc3 Rc8 18. h5 Rxc3 19. bxc3 h6 20. g4 Qa4 21. Be3 Qc4 22. Qd2 Bf8 23. g5 hxg5 24. Bxg5 Nc6 25. h6 b5 26. hxg7 Bxg7 27. Bf6 Kh7 28. Qg5 Bh6 29. Qh5 Nxe5 30. dxe5 Kg8 31. Qxh6 Qg4+ 32. Kf1 Qc4+ 33. Kg1 Qg4+ 34. Kh2 Qg6 35. Qh8# 1-0

[Event "*** Titled Tuesday Blitz"]
[Site "Chess.com"]
[Date "2021.02.02"]
[Round "2"]
[White "Tartody"]
[Black "krasavetc"]
[Result "1-0"]
[WhiteElo "2639"]
[BlackElo "2345"]
[TimeControl "180+1"]
[EndTime "10:16:25 PST"]
[Termination "Tartody won by resignation"]

1. Nf3 e6 2. b3 d5 3. Bb2 Nf6 4. g3 Be7 5. Bg2 O-O 6. c4 c5 7.
cxd5 exd5 8. O-O d4 9. e3 Nc6 10. exd4 cxd4 11. Na3 d3 12. Nc4 Bg4 13. h3 Bh5 14. g4 Bg6 15. Nfe5 Be4 16. Nxc6 Bxc6 17. Bxc6 bxc6 18. Qf3 h5 19. g5 Nd5 20. h4 f6 21.
g6 Nf4 22. Qxf4 Qd5 23. Rae1 Rad8 1-0

[Event "*** Titled Tuesday Blitz"]
[Site "Chess.com"]
[Date "2021.02.02"]
[Round "2"]
[White "drragnar1"]
[Black "Kostya_Nikologorskiy"]
[Result "0-1"]
[WhiteElo "2379"]
[BlackElo "2673"]
[TimeControl "180+1"]
[EndTime "10:16:33 PST"]
[Termination "Kostya_Nikologorskiy won by resignation"]

1. e4 e6 2. c4 d5 3. cxd5 exd5 4.
Qb3 dxe4 5. Bc4 Qe7 6. Nc3 Nf6 7. d4 Nc6 8. Be3 Bd7 9. Qxb7 Rb8 10. Qxc7 Qb4 11. Qg3 Qxc4 12. Nge2 Be7 13. Qxg7 Rg8 14. Qh6 Rxg2 15. d5 Ne5 16. d6 Rg6 17. Qh4 Nf3+ 0-1

[Event "*** Titled Tuesday Blitz"]
[Site "Chess.com"]
[Date "2021.02.02"]
[Round "2"]
[White "ChristopherYoo"]
[Black "NicoChasin"]
[Result "1-0"]
[WhiteElo "2871"]
[BlackElo "2556"]
[TimeControl "180+1"]
[EndTime "10:16:34 PST"]
[Termination "ChristopherYoo won by resignation"]

1. d4 Nf6 2. Nf3 c5 3. d5 d6 4. Bg5 Ne4 5. Bf4 Bg4 6. Nbd2 Nxd2 7. Nxd2 Nd7 8. f3 Bh5 9. e4 e5 10. dxe6 fxe6 11. Bb5 e5 12. Be3 a6 13. Bc4 Bf7 14.
Bxf7+ Kxf7 15. O-O b5 16. f4 exf4 17. Qh5+ g6 18. Qd5+ Kg7 19. Rxf4 Ne5 20. Nf3 Nxf3+ 21. Rxf3 Ra7 22. Bg5 1-0

[Event "*** Titled Tuesday Blitz"]
[Site "Chess.com"]
[Date "2021.02.02"]
[Round "2"]
[White "Jadeit90"]
[Black "ChessWarrior3"]
[Result "1-0"]
[WhiteElo "2403"]
[BlackElo "2111"]
[TimeControl "180+1"]
[EndTime "10:16:34 PST"]
[Termination "Jadeit90 won by resignation"]

1. e4 c5 2. Nc3 Nc6 3. g3 g6 4. Bg2 Bg7 5. d3 d6 6. Be3 e5 7.
Nge2 Nge7 8. O-O O-O 9. Qd2 f5 10. f4 h6 11. fxe5 dxe5 12. Bxh6 f4 13. Bxg7 Kxg7 14.
gxf4 Bg4 15. Ng3 Nd4 16. Rae1 Qd7 17. Nd5 Nxd5 18. exd5 Bh3 19. fxe5 Qg4 20. c3 Nf3+ 21.
Bxf3 Rxf3 22. Rxf3 Qxf3 23. Qe2 Qf4 24. Qf2 Qh4 25.
Qf6+ Qxf6 26. exf6+ Kxf6 27. Ne4+ Kg7 28. Nxc5 b6 29.
Ne6+ Bxe6 30. dxe6 Rd8 31. d4 Kf6 32. Kg2 Ke7 33. Kg3 Rd5 34. Kg4 b5 35. h4 a5 36.
Re5 Rd6 37. Kg5 b4 38. Kxg6 b3 39. axb3 Rb6 40. h5 Rxb3 41. h6 Rxb2 42. h7 Rg2+ 43. Rg5 Rh2 44. Rh5 Rg2+ 45. Kf5 Rf2+ 46. Ke4 Rf8 47. h8=Q Rxh8 48. Rxh8 Kxe6 49. Ra8 a4 50.
Ra5 Kd6 51. Rxa4 Kc6 52. c4 Kb6 53. Kd5 Kb7 54. Kd6 Kb6 55. Rb4+ Ka5 56. Rb1 Ka4 57.
c5 Ka3 58. Rb8 Ka2 59. c6 Ka3 60. c7 Ka4 61. c8=Q Ka5 62. Qb7 1-0

[Event "*** Titled Tuesday Blitz"]
[Site "Chess.com"]
[Date "2021.02.02"]
[Round "2"]
[White "federicosellitti"]
[Black "Nachsueb"]
[Result "1-0"]
[WhiteElo "2419"]
[BlackElo "2169"]
[TimeControl "180+1"]
[EndTime "10:16:35 PST"]
[Termination "federicosellitti won by resignation"]

1. e4 c5 2. Nc3 Nc6 3. g3 e6 4.
Bg2 g6 5. d3 Bg7 6. Be3 d6 7.
Qd2 Nge7 8. Bh6 O-O 9. h4 e5 10. h5 f5 11. Bxg7 Kxg7 12. hxg6 hxg6 13. Qh6+ Kf6 14.
Nf3 Be6 15. Qh4+ Kg7 16. Ng5 Qd7 17. exf5 Bxf5 18. Qh7+ Kf6 19. Nce4+ Bxe4 20. Nxe4+ Ke6 21.
Bh3+ Nf5 22. Ng5+ Kd5 23. Qxd7 Kd4 1-0

[Event "*** Titled Tuesday Blitz"]
[Site "Chess.com"]
[Date "2021.02.02"]
[Round "2"]
[White "kobemagic"]
[Black "dianamirza"]
[Result "1-0"]
[WhiteElo "2368"]
[BlackElo "1923"]
[TimeControl "180+1"]
[EndTime "10:16:35 PST"]
[Termination "kobemagic won by checkmate"]

1. c4 c5 2. g3 Nc6 3. Bg2 g6 4. Nc3 Bg7 5. a3 e6 6. b4 cxb4 7. axb4 Nxb4 8. Ba3 Nc6 9. Nb5 Nge7 10. Nd6+ Kf8 11. Rb1 Rb8 12. Nf3 h6 13. O-O Kg8 14. d3 Nf5 15. Nxf5 gxf5 16. Bd6 Ra8 17. Nd2 Kh7 18. e4 fxe4 19. dxe4 b6 20. e5 Bb7 21. Qh5 Qg5 22. Qxf7 Qxd2 23. Be4# 1-0

[Event "*** Titled Tuesday Blitz"]
[Site "Chess.com"]
[Date "2021.02.02"]
[Round "2"]
[White "oogee"]
[Black "Konavets"]
[Result "0-1"]
[WhiteElo "2356"]
[BlackElo "2925"]
[TimeControl "180+1"]
[EndTime "10:16:47 PST"]
[Termination "Konavets won on time"]

1. d4 Nf6 2. c4 c5 3. d5 e6 4. Nc3 exd5 5. cxd5 d6 6. Nf3 g6 7. Nd2 Bg7 8. e4 O-O 9. Be2 Na6 10. O-O Nc7 11. a4 b6 12. Re1 Rb8 13. h3 Re8 14. Bb5 Re7 15. Nc4 a6 16. Bc6 b5 17.
Nxd6 Qxd6 18. e5 Rxe5 19. Rxe5 Qxe5 20. d6 Ne6 21. axb5 axb5 22. Nxb5 Bd7 23. Bxd7 Nxd7 24. Na7 Nd4 25. Be3 Qxd6 26. Qa4 Ne5 27. Qa5 Nc4 28.
Qc3 Ne2+ 0-1

[Event "*** Titled Tuesday Blitz"]
[Site "Chess.com"]
[Date "2021.02.02"]
[Round "2"]
[White "Yashasd1995"]
[Black "YIYUKI"]
[Result "1-0"]
[WhiteElo "2619"]
[BlackElo "2244"]
[TimeControl "180+1"]
[EndTime "10:16:48 PST"]
[Termination "Yashasd1995 won by resignation"]

1. b3 e5 2. Bb2 d6 3. c4 Nc6 4.
Nc3 f5 5. g3 Nf6 6. Bg2 g6 7.
Nf3 Bg7 8. d3 O-O 9. O-O h6 10.
a3 Be6 11. d4 Nxd4 12. Nxd4 exd4 13. Qxd4 Nd5 14. Qd3 Nxc3 15. Bxc3 Bxc3 16. Qxc3 c6 17. Rfd1 Qe7 18. Rd2 a6 19. Rad1 Rad8 20. Qa5 Bf7 21.
e3 Rfe8 22. Qb4 c5 23. Qb6 Qe5 24. Rxd6 Rxd6 25. Qxd6 Qb2 26. Bd5 Qxb3 27. Qxg6+ 1-0

[Event "*** Titled Tuesday Blitz"]
[Site "Chess.com"]
[Date "2021.02.02"]
[Round "2"]
[White "Zq1"]
[Black "GMKrikor"]
[Result "0-1"]
[WhiteElo "2517"]
[BlackElo "2813"]
[TimeControl "180+1"]
[EndTime "10:16:58 PST"]
[Termination "GMKrikor won by resignation"]

1. d4 Nf6 2. c4 g6 3. Nc3 d5 4. Nf3 Bg7 5. cxd5 Nxd5 6. Bd2 O-O 7. Rc1 Nc6 8. e3 Nb6 9. Bb5 e5 10. Bxc6 exd4 11. exd4 bxc6 12. O-O Re8 13. Bg5 f6 14.
Bf4 Be6 15. b3 Nd5 16. Bg3 Nxc3 17. Rxc3 Bd5 18. h3 Qd7 19. Qd3 a5 20. a3 Rab8 21.
Rfc1 Rb5 22. Nd2 Bh6 23. R1c2 Re1+ 24. Kh2 Rh1+ 0-1

[Event "*** Titled Tuesday Blitz"]
[Site "Chess.com"]
[Date "2021.02.02"]
[Round "2"]
[White "anon569"]
[Black "ShahMatKanal"]
[Result "0-1"]
[WhiteElo "2280"]
[BlackElo "2474"]
[TimeControl "180+1"]
[EndTime "10:17:01 PST"]
[Termination "ShahMatKanal won on time"]

1. e4 Nf6 2. e5 Nd5 3. d4 d6 4. c4 Nb6 5. exd6 cxd6 6. Nc3 g6 7.
h3 Bg7 8. Nf3 O-O 9. Be2 Be6 10.
b3 d5 11. c5 N6d7 12. O-O Nxc5 13. Ba3 Ne4 14. Rc1 Nc6 15. Na4 Rc8 16. Bb5 Bd7 17.
Bxc6 Rxc6 0-1

[Event "*** Titled Tuesday Blitz"]
[Site "Chess.com"]
[Date "2021.02.02"]
[Round "2"]
[White "Gerryisplaying"]
[Black "Mops_2004"]
[Result "0-1"]
[WhiteElo "2310"]
[BlackElo "2535"]
[TimeControl "180+1"]
[EndTime "10:17:03 PST"]
[Termination "Mops_2004 won by resignation"]

1. d4 g6 2. e4 d6 3. Nc3 Nf6 4. Be3 c6 5. Qd2 Nbd7 6. Nf3 Bg7 7.
Bd3 O-O 8. O-O-O e5 9. dxe5 dxe5 10. Bc4 b5 11. Bd3 Ng4 12. Bg5 f6 13. Bh4 Bh6 0-1

[Event "*** Titled Tuesday Blitz"]
[Site "Chess.com"]
[Date "2021.02.02"]
[Round "2"]
[White "flexova"]
[Black "FearNoEvil12"]
[Result "1-0"]
[WhiteElo "2441"]
[BlackElo "2204"]
[TimeControl "180+1"]
[EndTime "10:17:05 PST"]
[Termination "flexova won by resignation"]

1. e4 a6 2. d4 b5 3. Nf3 Bb7 4.
d5 e6 5. c4 bxc4 6. Bxc4 Nf6 7. Nc3 Be7 8. O-O O-O 9. e5 Nxd5 10. Nxd5 exd5 11. Bxd5 Nc6 12. Bf4 Rb8 13. Rc1 Nb4 14. Bxb7 Rxb7 15. a3 Nc6 16. Qd2 Rb5 17. Rfd1 Nb8 18.
Nd4 Rb6 19. e6 d6 20. Be3 c5 21. exf7+ Rxf7 22. Ne6 Qc8 23. Nf4 Qf5 24. Nd5 Rb7 25.
b4 Nd7 26. Nxe7+ Rxe7 27. Qxd6 Nf6 28. bxc5 Re8 29. c6 Rb2 30. c7 Ng4 31. Qd5+ Qxd5 32. Rxd5 1-0